[ AOE2 MATCH · #470745225 ]
Team RMMalay vs Gurjaras
[ REPLAY ANALYSIS · EXTRACTED FROM THE RECORDED GAME ]
Feudal
10:51
Castle
21:57
Imperial
—
| APM avg | 53.1 |
| APM peak | 116 |
| eAPM avg | 24.7 |
| Villagers / military | 74 / 53 |
Focus
⚔️ 29.7% · 🌾 70.3%
Archer ×34 · Battle Elephant ×19 · Fishing Ship ×7
Feudal
11:59
Castle
15:46
Imperial
—
| APM avg | 46.2 |
| APM peak | 80 |
| eAPM avg | 19.4 |
| Villagers / military | 64 / 71 |
Focus
⚔️ 34.4% · 🌾 65.6%
Plumed Archer ×60 · Fire Galley ×11 · Fishing Ship ×6 · Unknown (2626) ×5
Feudal
12:56
Castle
19:47
Imperial
—
| APM avg | 27.3 |
| APM peak | 51 |
| eAPM avg | 13.9 |
| Villagers / military | 52 / 40 |
Focus
⚔️ 22.6% · 🌾 77.4%
Militia ×40 · Fishing Ship ×8
Feudal
13:47
Castle
18:57
Imperial
—
| APM avg | 27.1 |
| APM peak | 51 |
| eAPM avg | 12.8 |
| Villagers / military | 47 / 32 |
Focus
⚔️ 29.7% · 🌾 70.3%
Shrivamsha Rider ×20 · Fishing Ship ×11 · Galley ×10 · Unknown (2626) ×5 · Spearman ×1 · Scout Cavalry ×1
Match map
Initial resources + every placement click. Lines = walls · curves = elevation contours. ◆ gold · ⬟ stone · ● berries · ✦ relic · ◌ wall gap
Your base· Open — 2t gap
CQ.SeMuR III el conquistador's base· Open — unwalled flank
-=xAtMa44x=-'s base· Open — unwalled flank
redstone's base· Open — unwalled flank
Smoothed initial terrain · ◌ = detected wall gap · hover for details
Inputs per minute
— Menerell - - CQ.SeMuR III el conquistador
Build order — Menerell
First 150 of 230 actions detected
| 0:00 | Create | Villager (Male) |
| 0:01 | Create | Villager (Male) |
| 0:01 | Create | Villager (Male) |
| 0:02 | Build | House |
| 0:04 | Build | House |
| 0:04 | Create | Villager (Male) |
| 1:36 | Create | Villager (Male) |
| 1:53 | Create | Villager (Male) |
| 2:25 | Create | Villager (Male) |
| 2:54 | Create | Villager (Male) |
| 3:24 | Create | Villager (Male) |
| 3:29 | Build | Lumber Camp |
| 3:46 | Create | Villager (Male) |
| 4:01 | Build | House |
| 4:13 | Create | Villager (Male) |
| 4:34 | Build | Dock |
| 4:42 | Create | Villager (Male) |
| 4:43 | Create | Villager (Male) |
| 5:06 | Create | Villager (Male) |
| 5:20 | Build | Mill |
| 5:25 | Create | Villager (Male) |
| 5:49 | Create | Fishing Ship |
| 6:00 | Create | Villager (Male) |
| 6:11 | Create | Villager (Male) |
| 6:21 | Build | House |
| 6:44 | Create | Villager (Male) |
| 6:50 | Create | Fishing Ship |
| 7:18 | Create | Villager (Male) |
| 7:23 | Build | Farm |
| 7:36 | Create | Fishing Ship |
| 7:36 | Create | Fishing Ship |
| 7:38 | Create | Villager (Male) |
| 7:48 | Build | House |
| 7:51 | Create | Villager (Male) |
| 8:09 | Create | Villager (Male) |
| 8:14 | Research | Loom |
| 8:15 | Create | Villager (Male) |
| 8:29 | Build | Farm |
| 8:42 | Create | Fishing Ship |
| 8:55 | Create | Villager (Male) |
| 9:06 | Create | Fishing Ship |
| 9:15 | Build | House |
| 9:19 | Create | Fishing Ship |
| 9:31 | Create | Villager (Male) |
| 9:33 | Research | Feudal Age |
| 10:04 | Build | Mining Camp |
| 10:39 | Create | Villager (Male) |
| 10:43 | Build | Barracks |
| 10:49 | Create | Villager (Male) |
| 10:51 | Age | Feudal Age |
| 11:15 | Research | Double-Bit Axe |
| 11:38 | Create | Villager (Male) |
| 11:47 | Create | Villager (Male) |
| 12:05 | Build | Archery Range |
| 12:08 | Create | Villager (Male) |
| 12:47 | Create | Villager (Male) |
| 12:49 | Build | Archery Range |
| 12:54 | Create | Villager (Male) |
| 12:59 | Build | Lumber Camp |
| 13:02 | Create | Archer |
| 13:15 | Build | House |
| 13:20 | Create | Villager (Male) |
| 13:33 | Create | Archer |
| 13:33 | Create | Archer |
| 13:35 | Build | House |
| 13:50 | Create | Archer |
| 14:03 | Build | Blacksmith |
| 14:04 | Create | Archer |
| 14:05 | Create | Villager (Male) |
| 14:15 | Create | Archer |
| 14:33 | Create | Villager (Male) |
| 14:35 | Build | Farm |
| 14:38 | Research | Fletching |
| 14:41 | Build | House |
| 14:42 | Create | Archer |
| 14:42 | Create | Archer |
| 14:49 | Build | House |
| 14:50 | Build | Palisade Wall |
| 14:51 | Build | Palisade Wall |
| 15:12 | Build | Palisade Wall |
| 15:15 | Build | Palisade Wall |
| 15:16 | Create | Archer |
| 15:16 | Create | Archer |
| 15:17 | Create | Villager (Male) |
| 15:19 | Build | House |
| 15:20 | Create | Archer |
| 15:20 | Create | Archer |
| 15:28 | Create | Villager (Male) |
| 15:30 | Build | Farm |
| 15:32 | Research | Horse Collar |
| 15:34 | Build | Farm |
| 15:35 | Build | Farm |
| 15:48 | Create | Villager (Male) |
| 15:54 | Build | Palisade Wall |
| 16:05 | Create | Villager (Male) |
| 16:06 | Create | Archer |
| 16:06 | Create | Archer |
| 16:19 | Build | Palisade Wall |
| 16:26 | Create | Archer |
| 16:27 | Create | Archer |
| 16:42 | Create | Villager (Male) |
| 16:55 | Build | Market |
| 16:58 | Create | Villager (Male) |
| 16:59 | Create | Archer |
| 16:59 | Create | Archer |
| 17:01 | Build | Farm |
| 17:06 | Build | Farm |
| 17:08 | Build | Farm |
| 17:25 | Create | Archer |
| 17:26 | Create | Archer |
| 17:40 | Create | Villager (Male) |
| 17:41 | Build | House |
| 17:42 | Create | Villager (Male) |
| 17:45 | Create | Archer |
| 18:02 | Build | Palisade Wall |
| 18:05 | Create | Archer |
| 18:10 | Create | Villager (Male) |
| 18:12 | Build | House |
| 18:13 | Build | House |
| 18:44 | Create | Villager (Male) |
| 18:45 | Create | Archer |
| 18:46 | Create | Archer |
| 19:00 | Create | Villager (Male) |
| 19:01 | Create | Archer |
| 19:01 | Create | Archer |
| 19:10 | Build | Farm |
| 19:15 | Create | Villager (Male) |
| 19:16 | Create | Archer |
| 19:16 | Create | Archer |
| 19:25 | Build | House |
| 19:27 | Build | House |
| 19:29 | Build | Palisade Wall |
| 19:49 | Create | Villager (Male) |
| 20:17 | Research | Castle Age |
| 20:37 | Create | Villager (Male) |
| 20:38 | Create | Archer |
| 20:38 | Create | Archer |
| 20:42 | Build | House |
| 20:52 | Create | Villager (Male) |
| 20:57 | Build | House |
| 20:58 | Build | Palisade Wall |
| 21:00 | Build | Palisade Wall |
| 21:13 | Create | Archer |
| 21:13 | Create | Archer |
| 21:17 | Create | Villager (Male) |
| 21:27 | Build | Stable |
| 21:41 | Build | Stable |
| 21:57 | Age | Castle Age |
| 22:00 | Research | Crossbowman (upgrade) |
| 22:12 | Create | Archer |
Build order — CQ.SeMuR III el conquistador
First 150 of 210 actions detected
| 0:02 | Create | Villager (Male) |
| 0:05 | Build | House |
| 0:05 | Build | House |
| 0:19 | Create | Villager (Male) |
| 0:26 | Create | Villager (Male) |
| 1:13 | Create | Villager (Male) |
| 1:40 | Create | Villager (Male) |
| 1:40 | Create | Villager (Male) |
| 1:54 | Create | Villager (Male) |
| 1:54 | Create | Villager (Male) |
| 2:14 | Build | Lumber Camp |
| 2:28 | Create | Villager (Male) |
| 3:00 | Create | Villager (Male) |
| 3:01 | Create | Villager (Male) |
| 3:24 | Create | Villager (Male) |
| 3:43 | Build | House |
| 3:49 | Create | Villager (Male) |
| 3:49 | Create | Villager (Male) |
| 4:14 | Create | Villager (Male) |
| 4:14 | Create | Villager (Male) |
| 4:27 | Build | Dock |
| 4:37 | Create | Villager (Male) |
| 4:45 | Build | House |
| 5:04 | Create | Villager (Male) |
| 5:12 | Create | Fishing Ship |
| 5:30 | Create | Villager (Male) |
| 5:31 | Create | Villager (Male) |
| 5:31 | Create | Villager (Male) |
| 6:04 | Build | Mill |
| 6:08 | Create | Villager (Male) |
| 6:35 | Create | Villager (Male) |
| 6:40 | Build | House |
| 7:10 | Create | Villager (Male) |
| 7:11 | Create | Fishing Ship |
| 7:27 | Create | Villager (Male) |
| 7:28 | Create | Villager (Male) |
| 7:28 | Create | Villager (Male) |
| 7:28 | Create | Villager (Male) |
| 7:39 | Create | Villager (Male) |
| 7:54 | Create | Fishing Ship |
| 8:13 | Build | House |
| 8:22 | Create | Fishing Ship |
| 8:40 | Build | Palisade Wall |
| 8:58 | Create | Fishing Ship |
| 9:17 | Build | Palisade Wall |
| 9:21 | Build | Palisade Wall |
| 9:22 | Build | Palisade Wall |
| 9:24 | Create | Villager (Male) |
| 9:41 | Research | Feudal Age |
| 9:43 | Research | Loom |
| 9:47 | Build | Mining Camp |
| 9:59 | Build | Mining Camp |
| 10:43 | Build | House |
| 11:59 | Age | Feudal Age |
| 12:10 | Build | Market |
| 12:14 | Build | Blacksmith |
| 12:20 | Create | Villager (Male) |
| 12:25 | Research | Double-Bit Axe |
| 13:04 | Build | Dock |
| 13:06 | Research | Castle Age |
| 13:41 | Create | Unit 2626 |
| 14:22 | Create | Fishing Ship |
| 14:25 | Create | Unit 2626 |
| 14:26 | Create | Unit 2626 |
| 14:52 | Create | Villager (Male) |
| 15:13 | Create | Unit 2626 |
| 15:25 | Create | Unit 2626 |
| 15:41 | Build | Lumber Camp |
| 15:46 | Age | Castle Age |
| 15:47 | Build | House |
| 15:48 | Build | Palisade Wall |
| 15:52 | Build | Castle |
| 15:53 | Create | Villager (Male) |
| 16:11 | Research | War Galley (upgrade) |
| 16:20 | Create | Villager (Male) |
| 16:39 | Create | Fire Galley |
| 16:39 | Create | Fire Galley |
| 16:40 | Create | Fire Galley |
| 16:41 | Create | Villager (Male) |
| 16:54 | Create | Villager (Male) |
| 17:09 | Create | Fire Galley |
| 17:10 | Create | Fire Galley |
| 17:10 | Create | Villager (Male) |
| 17:15 | Create | Plumed Archer |
| 17:15 | Create | Plumed Archer |
| 17:25 | Research | Bow Saw |
| 17:28 | Research | Fletching |
| 17:33 | Create | Villager (Male) |
| 17:48 | Create | Plumed Archer |
| 18:08 | Create | Villager (Male) |
| 18:18 | Create | Fire Galley |
| 18:21 | Create | Plumed Archer |
| 18:21 | Create | Plumed Archer |
| 18:31 | Create | Villager (Male) |
| 18:42 | Create | Plumed Archer |
| 18:44 | Create | Plumed Archer |
| 19:02 | Create | Plumed Archer |
| 19:05 | Create | Villager (Male) |
| 19:12 | Create | Fire Galley |
| 19:28 | Create | Fire Galley |
| 19:29 | Create | Villager (Male) |
| 19:48 | Create | Plumed Archer |
| 19:49 | Create | Plumed Archer |
| 19:49 | Create | Plumed Archer |
| 20:04 | Create | Plumed Archer |
| 20:04 | Create | Plumed Archer |
| 20:07 | Create | Villager (Male) |
| 20:19 | Create | Plumed Archer |
| 20:30 | Create | Villager (Male) |
| 20:50 | Research | Bodkin Arrow |
| 20:55 | Create | Plumed Archer |
| 20:57 | Create | Villager (Male) |
| 20:57 | Create | Villager (Male) |
| 21:05 | Create | Plumed Archer |
| 21:07 | Create | Plumed Archer |
| 21:23 | Create | Villager (Male) |
| 21:27 | Create | Plumed Archer |
| 21:31 | Create | Plumed Archer |
| 21:31 | Create | Plumed Archer |
| 21:46 | Create | Plumed Archer |
| 21:47 | Create | Plumed Archer |
| 21:50 | Create | Plumed Archer |
| 21:52 | Create | Villager (Male) |
| 21:56 | Build | University |
| 21:58 | Build | Lumber Camp |
| 22:01 | Build | Lumber Camp |
| 22:04 | Build | Lumber Camp |
| 22:08 | Create | Plumed Archer |
| 22:14 | Create | Plumed Archer |
| 22:15 | Create | Villager (Male) |
| 22:24 | Build | House |
| 22:24 | Build | House |
| 22:27 | Build | Mining Camp |
| 22:37 | Create | Plumed Archer |
| 22:40 | Create | Villager (Male) |
| 22:43 | Create | Plumed Archer |
| 22:53 | Research | Town Watch |
| 23:08 | Create | Fire Galley |
| 23:08 | Create | Fire Galley |
| 23:08 | Create | Fire Galley |
| 23:13 | Create | Villager (Male) |
| 23:30 | Create | Plumed Archer |
| 23:37 | Build | Farm |
| 23:38 | Build | Farm |
| 23:47 | Research | Ballistics |
| 23:51 | Create | Plumed Archer |
| 23:55 | Create | Plumed Archer |
| 24:06 | Create | Plumed Archer |
| 24:08 | Create | Villager (Male) |
| 24:12 | Build | Farm |
Build order — -=xAtMa44x=-
First 150 of 162 actions detected
| 0:01 | Create | Villager (Male) |
| 0:02 | Create | Villager (Male) |
| 0:03 | Build | House |
| 0:04 | Build | House |
| 0:15 | Create | Villager (Male) |
| 0:15 | Create | Villager (Male) |
| 0:47 | Build | Dock |
| 1:37 | Create | Villager (Male) |
| 2:07 | Create | Villager (Male) |
| 2:38 | Create | Villager (Male) |
| 3:02 | Create | Villager (Male) |
| 3:04 | Create | Fishing Ship |
| 3:31 | Create | Villager (Male) |
| 3:36 | Create | Fishing Ship |
| 3:49 | Build | House |
| 4:02 | Create | Villager (Male) |
| 4:29 | Create | Villager (Male) |
| 4:54 | Build | Lumber Camp |
| 4:58 | Create | Villager (Male) |
| 5:18 | Build | House |
| 5:20 | Create | Villager (Male) |
| 5:48 | Create | Villager (Male) |
| 5:59 | Create | Fishing Ship |
| 6:12 | Build | Lumber Camp |
| 6:15 | Create | Villager (Male) |
| 6:25 | Create | Villager (Male) |
| 6:39 | Create | Fishing Ship |
| 6:51 | Build | House |
| 6:54 | Create | Villager (Male) |
| 7:09 | Build | Mill |
| 7:15 | Create | Villager (Male) |
| 7:37 | Create | Fishing Ship |
| 7:43 | Build | House |
| 7:47 | Create | Villager (Male) |
| 8:14 | Create | Villager (Male) |
| 8:26 | Create | Fishing Ship |
| 8:39 | Create | Villager (Male) |
| 8:53 | Build | Mining Camp |
| 8:56 | Create | Villager (Male) |
| 9:02 | Create | Fishing Ship |
| 9:27 | Build | Barracks |
| 9:32 | Build | House |
| 9:36 | Create | Villager (Male) |
| 9:52 | Create | Fishing Ship |
| 10:13 | Create | Villager (Male) |
| 10:38 | Build | Mill |
| 10:46 | Research | Feudal Age |
| 10:48 | Create | Militia |
| 10:48 | Create | Militia |
| 11:10 | Create | Militia |
| 11:35 | Build | House |
| 11:40 | Create | Militia |
| 11:41 | Create | Militia |
| 11:47 | Research | Loom |
| 11:56 | Build | Dock |
| 12:04 | Build | Farm |
| 12:07 | Build | Farm |
| 12:09 | Build | Farm |
| 12:10 | Build | Farm |
| 12:11 | Build | Farm |
| 12:48 | Build | Farm |
| 12:51 | Create | Militia |
| 12:56 | Age | Feudal Age |
| 12:59 | Research | Double-Bit Axe |
| 13:09 | Create | Villager (Male) |
| 13:16 | Research | Man-at-Arms (upgrade) |
| 13:26 | Build | Farm |
| 13:28 | Research | Horse Collar |
| 13:30 | Create | Villager (Male) |
| 14:03 | Create | Villager (Male) |
| 14:30 | Build | Farm |
| 14:30 | Create | Villager (Male) |
| 14:36 | Build | Blacksmith |
| 15:02 | Research | Arson |
| 15:02 | Create | Villager (Male) |
| 15:03 | Create | Villager (Male) |
| 15:06 | Build | House |
| 15:22 | Research | Scale Mail Armor |
| 15:23 | Create | Villager (Male) |
| 15:28 | Research | Gold Mining |
| 15:31 | Create | Militia |
| 15:31 | Create | Militia |
| 15:39 | Build | House |
| 15:46 | Build | Farm |
| 16:13 | Build | Farm |
| 16:16 | Build | Market |
| 16:21 | Create | Villager (Male) |
| 16:37 | Build | Farm |
| 17:03 | Build | Farm |
| 17:07 | Research | Castle Age |
| 17:21 | Build | Mining Camp |
| 17:25 | Research | Forging |
| 17:31 | Create | Militia |
| 17:32 | Create | Militia |
| 17:35 | Create | Villager (Male) |
| 17:49 | Build | Lumber Camp |
| 18:04 | Create | Militia |
| 18:05 | Create | Militia |
| 18:45 | Create | Militia |
| 19:00 | Build | Barracks |
| 19:16 | Create | Militia |
| 19:23 | Research | Wheelbarrow |
| 19:43 | Build | Barracks |
| 19:45 | Create | Militia ×5 |
| 19:47 | Age | Castle Age |
| 19:55 | Research | Long Swordsman (upgrade) |
| 20:18 | Research | Squires |
| 20:26 | Research | Gambesons |
| 20:35 | Build | Farm |
| 20:35 | Build | Farm |
| 20:47 | Build | House |
| 20:48 | Build | House |
| 20:55 | Create | Militia ×5 |
| 21:04 | Build | Farm |
| 21:08 | Create | Villager (Male) |
| 21:29 | Create | Militia ×4 |
| 21:47 | Research | Chain Mail Armor |
| 21:48 | Research | Chain Mail Armor |
| 22:01 | Build | Farm |
| 22:09 | Build | Farm |
| 22:21 | Create | Militia ×2 |
| 22:24 | Create | Villager (Male) |
| 22:38 | Create | Militia ×2 |
| 22:48 | Build | Farm |
| 22:59 | Build | House |
| 23:03 | Create | Villager (Male) |
| 23:08 | Build | House |
| 23:18 | Build | Town Center |
| 23:34 | Create | Militia ×5 |
| 24:08 | Create | Militia ×3 |
| 24:15 | Create | Villager (Male) |
| 24:55 | Create | Villager (Male) |
| 24:56 | Create | Villager (Male) |
| 25:07 | Build | Mining Camp |
| 25:08 | Create | Villager (Male) |
| 25:14 | Build | Town Center |
| 25:21 | Create | Villager (Male) |
| 25:50 | Create | Villager (Male) |
| 25:50 | Create | Villager (Male) |
| 26:06 | Research | Gold Shaft Mining |
| 26:21 | Create | Villager (Male) |
| 26:42 | Create | Villager (Male) |
| 26:48 | Build | Farm |
| 26:48 | Build | Farm |
| 26:49 | Build | Farm |
| 26:49 | Build | Farm |
| 26:49 | Build | Farm |
| 26:51 | Create | Villager (Male) |
| 27:18 | Build | Farm |
| 27:21 | Build | Farm |
Build order — redstone
First 150 of 153 actions detected
| 0:01 | Create | Villager (Male) |
| 0:01 | Create | Villager (Male) |
| 0:02 | Create | Villager (Male) |
| 0:02 | Create | Villager (Male) |
| 0:02 | Create | Villager (Male) |
| 0:14 | Build | House |
| 1:35 | Create | Villager (Male) |
| 1:54 | Create | Villager (Male) |
| 2:17 | Build | Lumber Camp |
| 2:19 | Create | Villager (Male) |
| 2:53 | Create | Villager (Male) |
| 3:00 | Build | House |
| 3:07 | Create | Villager (Male) |
| 3:09 | Research | Loom |
| 3:09 | Create | Villager (Male) |
| 3:26 | Create | Villager (Male) |
| 3:47 | Create | Villager (Male) |
| 4:04 | Build | Mill |
| 4:12 | Create | Villager (Male) |
| 5:06 | Build | House |
| 5:08 | Create | Villager (Male) |
| 5:35 | Create | Villager (Male) |
| 5:35 | Create | Villager (Male) |
| 5:44 | Build | Dock |
| 6:19 | Create | Fishing Ship |
| 6:29 | Create | Fishing Ship |
| 6:39 | Create | Villager (Male) |
| 6:59 | Build | Mill |
| 7:19 | Create | Villager (Male) |
| 7:24 | Build | House |
| 8:00 | Create | Villager (Male) |
| 8:03 | Create | Fishing Ship |
| 8:14 | Build | Dock |
| 8:19 | Build | House |
| 8:20 | Build | House |
| 8:31 | Create | Villager (Male) |
| 8:43 | Build | House |
| 8:51 | Create | Fishing Ship |
| 8:58 | Create | Villager (Male) |
| 9:12 | Create | Villager (Male) |
| 9:19 | Create | Fishing Ship |
| 9:21 | Create | Fishing Ship |
| 9:38 | Build | Mining Camp |
| 9:42 | Create | Villager (Male) |
| 9:52 | Build | House |
| 9:58 | Create | Villager (Male) |
| 10:14 | Build | Lumber Camp |
| 10:21 | Create | Villager (Male) |
| 10:43 | Create | Fishing Ship |
| 11:37 | Research | Feudal Age |
| 11:48 | Build | Barracks |
| 11:49 | Build | House |
| 11:50 | Build | House |
| 11:52 | Build | Palisade Wall |
| 12:14 | Create | Fishing Ship |
| 12:15 | Create | Fishing Ship |
| 12:26 | Create | Fishing Ship |
| 12:58 | Create | Fishing Ship |
| 13:14 | Build | House |
| 13:16 | Build | Palisade Wall |
| 13:19 | Create | Villager (Male) |
| 13:47 | Age | Feudal Age |
| 13:53 | Build | Stable |
| 13:57 | Create | Galley |
| 13:58 | Create | Galley |
| 14:04 | Create | Villager (Male) |
| 14:22 | Create | Villager (Male) |
| 14:36 | Create | Spearman |
| 14:45 | Create | Scout Cavalry |
| 14:48 | Create | Villager (Male) |
| 14:57 | Build | Blacksmith |
| 15:16 | Create | Villager (Male) |
| 15:24 | Create | Galley |
| 15:24 | Create | Galley |
| 15:41 | Build | Palisade Wall |
| 15:45 | Create | Villager (Male) |
| 16:00 | Create | Galley |
| 16:00 | Create | Galley |
| 16:05 | Research | Castle Age |
| 16:41 | Create | Galley |
| 16:41 | Create | Galley |
| 17:18 | Research | Fletching |
| 17:24 | Research | Horse Collar |
| 17:27 | Research | Double-Bit Axe |
| 17:32 | Build | Stable |
| 17:44 | Create | Galley |
| 17:44 | Create | Galley |
| 17:48 | Build | House |
| 17:49 | Build | House |
| 18:18 | Create | Unit 2626 |
| 18:19 | Create | Unit 2626 |
| 18:19 | Create | Unit 2626 |
| 18:29 | Create | Villager (Male) |
| 18:57 | Age | Castle Age |
| 18:59 | Create | Shrivamsha Rider |
| 19:00 | Create | Shrivamsha Rider |
| 19:01 | Create | Shrivamsha Rider |
| 19:01 | Create | Shrivamsha Rider |
| 19:15 | Build | House |
| 19:16 | Build | House |
| 19:20 | Build | Palisade Gate |
| 19:22 | Build | Palisade Wall |
| 19:47 | Research | War Galley (upgrade) |
| 19:51 | Create | Villager (Male) |
| 19:51 | Create | Villager (Male) |
| 19:56 | Create | Shrivamsha Rider |
| 19:56 | Create | Shrivamsha Rider |
| 20:10 | Create | Villager (Male) |
| 20:11 | Create | Villager (Male) |
| 20:32 | Create | Shrivamsha Rider |
| 21:19 | Research | Husbandry |
| 21:26 | Build | Mining Camp |
| 21:57 | Create | Shrivamsha Rider |
| 22:04 | Build | Farm |
| 22:05 | Build | Farm |
| 22:06 | Build | Farm |
| 22:09 | Build | Farm |
| 22:10 | Build | Farm |
| 22:17 | Create | Shrivamsha Rider |
| 22:21 | Create | Shrivamsha Rider |
| 22:37 | Build | Watch Tower |
| 22:52 | Create | Villager (Male) |
| 23:01 | Create | Shrivamsha Rider |
| 23:14 | Build | Mining Camp |
| 23:30 | Create | Shrivamsha Rider |
| 23:36 | Build | Farm |
| 23:37 | Build | Farm |
| 23:38 | Build | Farm |
| 23:56 | Create | Shrivamsha Rider ×2 |
| 24:34 | Create | Shrivamsha Rider ×2 |
| 24:47 | Create | Villager (Male) |
| 25:05 | Create | Villager (Male) |
| 25:16 | Research | Scale Barding Armor |
| 25:42 | Create | Shrivamsha Rider |
| 25:56 | Create | Villager (Male) |
| 26:06 | Create | Villager (Male) |
| 26:10 | Build | Town Center |
| 26:19 | Build | Town Center |
| 26:29 | Create | Unit 2626 |
| 26:30 | Create | Unit 2626 |
| 26:47 | Research | Bloodlines |
| 26:51 | Create | Shrivamsha Rider |
| 27:18 | Create | Villager (Male) |
| 27:43 | Create | Shrivamsha Rider ×2 |
| 27:54 | Create | Villager (Male) |
| 27:57 | Build | Farm |
| 27:59 | Build | Farm |
| 28:01 | Build | Farm |
| 28:04 | Build | Farm |
| 28:11 | Create | Villager (Male) |
Match timeline
| 0:47 | -=xAtMa44x=- · first_building Dock |
| 4:27 | CQ.SeMuR III el conquistador · first_building Dock |
| 4:34 | Menerell · first_building Dock |
| 5:44 | redstone · first_building Dock |
| 8:40 | CQ.SeMuR III el conquistador · wall_segment Palisade Wall x4 |
| 9:17 | CQ.SeMuR III el conquistador · wall_segment Palisade Wall x1 |
| 9:21 | CQ.SeMuR III el conquistador · wall_segment Palisade Wall x6 |
| 9:22 | CQ.SeMuR III el conquistador · wall_segment Palisade Wall x1 |
| 9:27 | -=xAtMa44x=- · first_building Barracks |
| 10:43 | Menerell · first_building Barracks |
| 10:51 | Menerell · age_up feudal |
| 11:48 | redstone · first_building Barracks |
| 11:52 | redstone · wall_segment Palisade Wall x2 |
| 11:59 | CQ.SeMuR III el conquistador · age_up feudal |
| 12:05 | Menerell · first_building Archery Range |
| 12:56 | -=xAtMa44x=- · age_up feudal |
| 13:16 | redstone · wall_segment Palisade Wall x2 |
| 13:47 | redstone · age_up feudal |
| 13:53 | redstone · first_building Stable |
| 14:50 | Menerell · wall_segment Palisade Wall x1 |
| 14:51 | Menerell · wall_segment Palisade Wall x1 |
| 15:12 | Menerell · wall_segment Palisade Wall x2 |
| 15:15 | Menerell · wall_segment Palisade Wall x1 |
| 15:41 | redstone · wall_segment Palisade Wall x4 |
| 15:46 | CQ.SeMuR III el conquistador · age_up castle |
| 15:48 | CQ.SeMuR III el conquistador · wall_segment Palisade Wall x1 |
| 15:52 | CQ.SeMuR III el conquistador · first_building Castle |
| 15:54 | Menerell · wall_segment Palisade Wall x12 |
| 16:05 | CQ.SeMuR III el conquistador · first_market_sell 100 food |
| 16:19 | Menerell · wall_segment Palisade Wall x4 |
| 17:05 | -=xAtMa44x=- · first_market_sell 100 food |
| 17:23 | CQ.SeMuR III el conquistador · first_market_buy 100 wood |
| 18:02 | Menerell · wall_segment Palisade Wall x3 |
| 18:57 | redstone · age_up castle |
| 19:22 | redstone · wall_segment Palisade Wall x5 |
| 19:29 | Menerell · wall_segment Palisade Wall x10 |
| 19:47 | -=xAtMa44x=- · age_up castle |
| 20:58 | Menerell · wall_segment Palisade Wall x10 |
| 21:00 | Menerell · wall_segment Palisade Wall x10 |
| 21:27 | Menerell · first_building Stable |
| 21:57 | Menerell · age_up castle |
| 25:18 | Menerell · first_market_buy 100 stone |
| 25:47 | Menerell · wall_segment Palisade Wall x3 |
| 27:05 | Menerell · wall_segment Stone Wall x2 |
| 29:11 | -=xAtMa44x=- · resign |
| 29:14 | Menerell · wall_segment Stone Wall x5 |
[ AI ANALYSIS · 1 CREDIT ]
What really happened in this match?
Wolo.gg analyzes every decision: build order, eco, micro, common mistakes by bracket. Personalized analysis on WhatsApp or Discord in 30 seconds.
Civ guide
Malay
Map guide
MegaRandom
Perfil
Jugador #2496721